Map: Sueño ártico EE

Players

skasse

  • Race: Zerg Zerg
  • League: Platinum
  • Spawn Location: 5:00

mLe

  • Race: Terran Terran
  • Spawn Location: 6:00

MrFercho

  • Race: Terran Terran
  • League: Silver
  • Spawn Location: 11:00

tigro

  • Race: Terran Terran
  • League: Bronze
  • Spawn Location: 12:00

VOD

Have the link to the VOD?

Description

Time

  • Played on: May 27, 2020, 11:44 p.m.
  • Length: 11:02
Show
View Real Time Build Order
Export as new Build Order

skasse Zerg 

Build Orders: Hatch First 

Get SALT Encoding   

  12  0:01  Drone  
  13  0:16  Overlord  
  13  0:25  Drone  
  14  0:34  Drone x2  
  16  0:43  Drone  
  17  1:00  Drone  
  17  1:02  Hatchery  
  17  1:15  Spawning Pool  
  17  1:18  Drone  
  17  1:21  Drone  
  17  1:24  Extractor  
  17  1:28  Overlord  
  17  1:34  Drone  
  18  1:52  Drone  
  19  2:00  Drone  
  20  2:02  Queen  
  20  2:04  Drone  
  24  2:15  Zergling x4  
  25  2:24  Queen  
  27  2:36  Drone x2  
  29  2:44  Drone x2  
  31  2:47  Hatchery  
  30  2:51  Drone x2  
  32  3:02  Metabolic Boost, Drone x2  
  34  3:12  Lair  
  33  3:22  Queen  
  33  3:26  Overlord x2  
  35  3:40  Evolution Chamber  
  35  3:41  Evolution Chamber  
  33  3:48  Drone x4  
  35  3:49  Drone x2  
  39  4:04  Drone x5  
  44  4:10  Zerg Melee Weapons Level 1  
  44  4:29  Zergling x14  
  51  4:37  Drone x2  
  51  4:38  Drone x2  
  55  4:42  Drone x2  
  55  4:43  Overlord  
  57  4:56  Zerg Ground Armor Level 1  
  57  4:58  Zergling x2  
  58  5:00  Overlord x3  
  58  5:13  Zergling x16  
  61  5:21  Zergling x4  
  61  5:27  Zergling x8  
  61  5:28  Zergling x2  
  67  5:35  Drone x3  
  69  5:36  Drone  
  71  5:54  Zergling x16  
  79  6:12  Zergling x2  
  79  6:13  Zergling x20  
  89  6:24  Zergling x4, Hatchery  
  89  6:25  Overlord x3  
  90  6:30  Hatchery  
  83  6:33  Zergling x4  
  82  6:40  Zerg Melee Weapons Level 2  
  82  6:46  Drone  
  82  6:47  Drone x3  
  84  7:03  Baneling Nest  
  84  7:06  Extractor  
  84  7:08  Extractor  
  61  7:34  Drone  
  61  7:35  Zergling x12  
  61  7:36  Zergling x22  
  79  7:45  Drone x2  
  79  7:46  Drone x8  
  89  7:54  Drone x4  
  93  8:02  Zerg Ground Armor Level 2  
  93  8:08  Centrifical Hooks  
  93  8:15  Hatchery  
  93  8:16  Drone x5  
  93  8:17  Drone x3  
  100  8:46  Zergling x40  
  100  8:47  Zergling x6  
  123  8:59  Drone  
  123  9:00  Drone x2  
  126  9:13  Overlord x5  
  126  9:14  Overlord x3  
  126  9:24  Baneling x18  
  126  9:25  Baneling x11  
  126  9:27  Baneling  
  126  9:30  Extractor  
  126  9:31  Extractor  
  124  9:37  Zergling x18  
  124  9:38  Zergling x20  
  135  9:50  Zergling x14  
  120  10:04  Drone  
  120  10:05  Drone x10  
  130  10:15  Overseer  
  128  10:30  Extractor  
  128  10:33  Extractor  
  126  10:37  Drone x3  
Show
View Real Time Build Order
Export as new Build Order

mLe Terran 

Build Orders: Reaper Expand, Mech 

Get SALT Encoding   

  12  0:01  SCV  
  13  0:13  SCV  
  14  0:23  Supply Depot  
  14  0:25  SCV  
  15  0:44  SCV  
  15  0:49  Barracks  
  16  0:55  Refinery  
  16  0:56  SCV  
  17  1:09  SCV  
  18  1:21  SCV  
  19  1:37  Orbital Command  
  19  1:39  Reaper  
  20  1:49  Supply Depot  
  20  1:57  Command Center  
  20  2:06  SCV  
  21  2:18  Barracks Tech Lab, SCV  
  22  2:31  SCV  
  22  2:32  Factory  
  22  2:34  Refinery  
  23  2:43  SCV  
  24  2:55  SCV  
  25  3:07  SCV  
  26  3:21  SCV  
  27  3:27  Orbital Command  
  27  3:33  SCV  
  28  3:35  Factory  
  28  3:46  SCV  
  29  3:55  Barracks Reactor  
  29  3:56  Siege Tank  
  29  3:58  SCV  
  29  4:01  SCV  
  34  4:10  SCV  
  34  4:13  SCV  
  36  4:22  SCV  
  36  4:23  Armory  
  36  4:24  Engineering Bay  
  37  4:25  SCV  
  38  4:34  SCV  
  38  4:38  SCV  
  40  4:41  Command Center  
  40  4:42  Siege Tank  
  40  4:45  Hellion  
  45  4:46  SCV  
  46  5:02  SCV x2  
  46  5:03  Hellion  
  50  5:11  Hellion  
  50  5:12  Supply Depot  
  52  5:14  SCV x2  
  54  5:28  Refinery  
  54  5:29  Refinery  
  54  5:34  Hellion, SCV x2, Siege Tank  
  61  5:36  Supply Depot  
  61  5:37  Terran Vehicle And Ship Armor Level 1  
  61  5:38  Factory  
  61  5:46  SCV  
  62  5:53  SCV  
  62  5:54  Supply Depot  
  62  5:56  Supply Depot  
  64  5:58  SCV  
  64  5:59  Supply Depot  
  64  6:05  SCV  
  65  6:13  SCV  
  65  6:17  Supply Depot, SCV  
  67  6:21  Supply Depot  
  67  6:22  Supply Depot  
  68  6:25  SCV  
  68  6:26  Orbital Command  
  68  6:29  SCV  
  69  6:37  SCV  
  70  6:41  Supply Depot, Hellion x2, Thor, SCV  
  70  6:43  Factory Tech Lab  
  70  6:46  Refinery  
  81  6:49  SCV  
  81  6:50  Refinery  
  81  6:53  Factory, SCV  
  83  6:56  SCV  
  83  6:57  Factory  
  84  7:01  Neosteel Armor  
  84  7:02  SCV  
  84  7:05  SCV, Missile Turret  
  87  7:08  SCV  
  87  7:10  Missile Turret  
  87  7:12  Missile Turret  
  87  7:14  SCV  
  87  7:15  Hellion x2  
  95  7:16  Thor  
  95  7:17  SCV  
  95  7:20  Infernal Pre-Igniter, SCV  
  100  7:26  SCV  
  100  7:29  SCV  
  102  7:32  SCV  
  103  7:38  SCV  
  103  7:40  Hellbat x2  
  103  7:41  Factory Reactor, Factory Tech Lab  
  103  7:42  Thor, SCV  
  115  7:44  SCV  
  115  7:50  SCV  
  117  7:54  SCV  
  117  7:56  SCV  
  119  7:59  Command Center  
  119  8:02  Starport, SCV  
  119  8:03  Hellbat x2  
  119  8:05  Thor  
  130  8:06  Starport, SCV  
  130  8:09  SCV  
  130  8:11  Smart Servos  
  132  8:14  SCV  
  132  8:17  Hellion  
  132  8:18  SCV  
  136  8:21  SCV  
  136  8:24  Hellion  
  136  8:26  SCV  
  140  8:30  Supply Depot  
  140  8:31  Supply Depot  
  140  8:32  Supply Depot, SCV  
  140  8:33  Supply Depot  
  141  8:35  Supply Depot  
  141  8:42  Hi-Sec Auto Tracking  
  141  8:44  Starport Tech Lab  
  141  8:45  Starport Tech Lab  
  141  8:52  Thor, Hellbat  
  141  8:53  Thor, Hellbat x3  
  161  9:17  Hellbat x3  
  161  9:18  Hellbat x2  
  171  9:33  Supply Depot  
  171  9:35  Thor, Banshee  
  171  9:36  Supply Depot  
  183  9:38  Supply Depot  
  183  9:42  Raven  
  180  9:55  Thor, Hellbat x5  
  193  10:02  Supply Depot  
  181  10:17  Banshee  
  181  10:21  Hellbat x3  
  196  10:35  Hellbat x2  
Show
View Real Time Build Order
Export as new Build Order

MrFercho Terran 

Build Orders:  

Get SALT Encoding   

  12  0:03  SCV  
  13  0:47  Command Center  
  13  1:07  Supply Depot  
  13  1:15  Engineering Bay  
  13  1:17  SCV  
  14  1:29  SCV  
  15  1:36  Barracks  
  15  1:41  SCV  
  16  1:50  Refinery  
  16  1:53  SCV  
  17  2:00  SCV  
  18  2:10  SCV  
  18  2:13  SCV  
  20  2:17  Refinery  
  20  2:22  SCV, Refinery  
  21  2:32  Supply Depot  
  21  2:40  Orbital Command  
  21  2:43  Orbital Command  
  21  3:06  Barracks Tech Lab  
  21  3:16  Supply Depot  
  21  3:21  SCV  
  22  3:31  Marauder  
  22  3:33  SCV  
  25  3:45  Factory, SCV  
  26  3:52  Terran Infantry Weapons Level 1  
  26  3:53  Marauder  
  28  3:57  Combat Shield, SCV  
  29  4:09  SCV  
  30  4:13  Marine  
  30  4:15  SCV  
  32  4:22  SCV  
  33  4:26  Refinery  
  33  4:27  SCV  
  34  4:31  Marine  
  34  4:34  SCV  
  34  4:35  Starport  
  36  4:39  SCV  
  37  4:46  SCV  
  37  4:48  Sensor Tower  
  37  4:49  Marine  
  37  4:51  SCV  
  40  4:54  Starport  
  40  4:58  SCV  
  41  5:05  Starport  
  41  5:19  Factory Tech Lab  
  41  5:36  Starport Tech Lab  
  41  5:37  Starport Tech Lab  
  41  5:43  Starport Tech Lab  
  41  5:45  Siege Tank  
  44  6:11  Medivac  
  46  6:17  Siege Tank  
  49  6:35  Banshee  
  49  6:37  Cloaking Field  
  52  6:45  Supply Depot  
  52  6:50  Supply Depot  
  52  7:04  Hyperflight Rotors  
  52  7:06  Banshee x2  
  58  7:30  Siege Tank  
  61  7:48  SCV  
  61  7:49  SCV  
  63  8:00  SCV  
  63  8:01  SCV  
  63  8:02  Siege Tank  
  68  8:12  Armory  
  68  8:13  SCV x2  
  68  8:14  Armory  
  70  8:34  SCV x2  
  72  8:41  Supply Depot  
  72  8:46  SCV x2  
  74  8:49  Supply Depot  
  74  9:04  Supply Depot  
  74  9:05  Viking x3  
  80  9:16  Supply Depot  
  80  9:27  Supply Depot  
  80  9:29  Starport x2  
  80  9:32  Starport  
  80  9:35  Viking x3  
Show
View Real Time Build Order
Export as new Build Order

tigro Terran 

Build Orders:  

Get SALT Encoding   

  12  0:04  SCV  
  13  0:16  SCV  
  14  0:23  Supply Depot  
  14  0:28  SCV  
  15  0:37  Refinery  
  15  0:45  SCV  
  16  0:55  Barracks  
  16  0:57  SCV  
  17  1:09  SCV  
  18  1:21  SCV  
  19  1:26  Refinery  
  19  1:32  Supply Depot  
  19  1:33  SCV  
  20  1:45  Marine  
  20  1:46  SCV  
  22  1:58  SCV  
  23  2:02  Marine  
  23  2:06  Barracks  
  24  2:11  SCV  
  25  2:20  Marine  
  26  2:23  Engineering Bay, SCV  
  27  2:36  Orbital Command  
  27  2:38  Marine  
  28  2:56  Marine  
  29  3:22  Barracks Tech Lab  
  29  3:31  Barracks Tech Lab  
  29  3:44  Combat Shield  
  29  3:46  Marine  
  30  3:50  Command Center  
  30  3:54  Stimpack  
  30  3:59  Marine  
  31  4:04  Marine  
  32  4:17  Marine  
  32  4:22  Marine  
  34  4:27  Missile Turret  
  34  4:34  Marine  
  35  4:39  Marine  
  36  4:46  SCV  
  36  4:49  Missile Turret  
  36  4:52  Marine  
  37  4:57  Marine, Factory  
  39  5:03  Concussive Shells  
  39  5:10  Marine, Missile Turret  
  30  5:26  Planetary Fortress  
  30  5:43  Missile Turret  
  30  5:52  Refinery  
  30  5:56  Marine  
  25  5:59  Marine  
  25  6:03  Hellion  
  28  6:11  Missile Turret  
  25  6:14  Marine  
  25  6:17  Marine  
  9  6:24  Hellion  
  9  6:32  Marine  
  4  6:47  SCV  
  4  6:49  Orbital Command  
  2  7:43  SCV  
  3  7:47  Supply Depot  
  3  7:55  SCV  
  4  8:07  Engineering Bay, SCV  
  5  8:19  SCV  
  6  8:22  Barracks  
  5  8:30  Barracks  
    9:50  Orbital Command  
    10:20  SCV  
  1  10:32  SCV  
  2  10:44  Supply Depot, SCV  
Tags
 
Add a new tag
Caveats
  • Supply blocks, unpowered buildings, or Contaminate may cause inaccurate times.
  • Supply counts are checked every 10 seconds.